 Dungeon Crawl Stone Soup version 0.18.1-6-gd335043 (webtiles) character file.

1859 nikopol the Spear-Bearer (level 8, -3/109 HPs)
             Began as a Minotaur Berserker on May 17, 2016.
             Was an Elder of Trog.
             Slain by an orc warrior
             ... wielding a +0 halberd
              (11 damage)
             ... on level 7 of the Dungeon.
             The game lasted 00:11:49 (4331 turns).

nikopol the Spear-Bearer (Minotaur Berserker)       Turns: 4331, Time: 00:11:49

Health: -3/109     AC:  6    Str: 26    XL:     8   Next: 89%
Magic:  7/7        EV: 14    Int:  4    God:    Trog [****..]
Gold:   318        SH:  0    Dex: 13    Spells: 0 memorised, 7 levels left

rFire  . . .     SeeInvis +     E - +0 halberd
rCold  . . .     Gourm    .     o - +0 ring mail
rNeg   . . .     Faith    .     (shield currently unavailable)
rPois  .         Spirit   .     (helmet restricted)
rElec  .         Dismiss  .     (no cloak)
rCorr  .         Reflect  .     (no gloves)
SustAt .         Harm     .     (no boots)
MR     +....                    (no amulet)
Stlth  ..........               t - ring of see invisible
                                q - ring of protection from magic

@: berserking, lethally poisoned (-3 -> -11), very quick, somewhat resistant to
hostile enchantments, extremely unstealthy
A: retaliatory headbutt, horns 2
a: Berserk, Trog's Hand, Brothers in Arms, Burn Spellbooks, Renounce Religion


You were on level 7 of the Dungeon.
You worshipped Trog.
Trog was greatly pleased with you.
You were not hungry.

You visited 1 branch of the dungeon, and saw 7 of its levels.

You collected 318 gold pieces.

Inventory:

Hand Weapons
 a - a +0 spear
 E - a +0 halberd (weapon)
Armour
 b - a +0 animal skin
 d - a +0 leather armour
 o - a +0 ring mail (worn)
Jewellery
 q - a ring of protection from magic (left hand)
 t - a ring of see invisible (right hand)
 K - an uncursed amulet of dismissal
Wands
 F - a wand of iceblast (5/15)
 I - a wand of lightning (7/15)
Scrolls
 e - 3 scrolls of remove curse {unknown}
 f - 2 scrolls of immolation {unknown}
 h - 3 scrolls of blinking {unknown}
 i - 3 scrolls of magic mapping {unknown}
 k - a scroll of random uselessness {unknown}
 m - 10 scrolls of identify {unknown}
 n - 2 scrolls of enchant armour {unknown}
 p - a scroll of noise {unknown}
 u - 2 scrolls of teleportation {unknown}
 w - a scroll of amnesia {unknown}
 y - a scroll of recharging {unknown}
 A - 2 scrolls of fear {unknown}
 J - a scroll of fog {unknown}
Potions
 g - a potion of ambrosia {unknown}
 l - 2 potions of curing {unknown}
 r - a potion of invisibility {unknown}
 s - a potion of might {unknown}
 x - a potion of heal wounds {unknown}
 z - a potion of agility {unknown}
 B - a potion of brilliance {unknown}
 G - a potion of cancellation {unknown}
 H - a potion of berserk rage {unknown}
Comestibles
 c - 3 bread rations
 j - a meat ration
 v - a beef jerky
 C - a chunk of flesh
 D - 4 fruits


   Skills:
 + Level 7.5 Fighting
 * Level 8.8 Polearms
 + Level 6.6 Armour
 + Level 6.4 Dodging


You had 7 spell levels left.
You didn't know any spells.

Dungeon Overview and Level Annotations

Branches:
Dungeon (7/15)             Temple (0/1) D:7

Altars:
Cheibriados
Dithmenos
Fedhas
Makhleb
Nemelex Xobeh
Pakellas
Qazlal
Ru
Trog
Yredelemnul


Innate Abilities, Weirdness & Mutations

You reflexively headbutt those who attack you in melee.
You have a pair of horns on your head.


Message History

You miss the killer bee.
The killer bee buzzes angrily.
You headbutt the killer bee!
You kill the killer bee!
Trog accepts your kill.
You feel sick.
You puncture the scorpion!
The scorpion is almost dead.
You feel sick. The scorpion stings you.
* * * LOW HITPOINT WARNING * * *
You hit the scorpion but do no damage.
The scorpion is almost dead.
* * * LOW HITPOINT WARNING * * *
You feel sick.
You hit the scorpion.
The scorpion is almost dead.
* * * LOW HITPOINT WARNING * * *
You feel sick.
The orc warrior hits you from afar with a halberd!
You die...

.....# #.# .....#...##
....###.⌠.###.........##
....##.# #.#...?.......#
#...#.###.#y#..........#
#..#.⌠.# .⌠.#...(.....#
##..#.#.## #.........#
##.####.## #..oy....#
#...##.⌠.##.###s.####
#....##.##.# #.@.#
#..###..#..# #..## ..#
##.....# ##.##
#####......###..#
.......###..>#..#
.......#####....#
#...#...#####...#
.......>..# #...#
..........###..##


You could see an orc warrior, a scorpion and a killer bee.

Vanquished Creatures
  A hungry ghost (D:7)
  2 sky beasts
  An ice beast (D:7)
  A black bear (D:6)
  An ogre (D:6)
  A wasp (D:6)
  A giant frog (D:6)
  A wyvern zombie (D:7)
  A scorpion (D:6)
  5 killer bees (D:7)
  3 wights (D:7)
  4 crimson imps
  2 hounds
  2 quasits
  A centaur zombie (D:5)
  An orc priest (D:5)
  2 orc wizards
  3 worker ants
  4 gnolls (D:6)
  6 adders
  3 shadow imps (D:5)
  An adder zombie (D:5)
  2 worms (D:3)
  2 dart slugs
  4 giant geckos
  10 orcs
  A ball python (D:6)
  8 giant cockroaches
  3 goblins
  4 hobgoblins
  5 jackals
  12 kobolds
  2 quokkas (D:6)
  6 bats
  A giant gecko skeleton (D:6)
  A giant gecko zombie (D:6)
  7 giant newts
  A quokka zombie (D:6)
  7 rats
123 creatures vanquished.

Notes
Turn   | Place    | Note
--------------------------------------------------------------
     0 | D:1      | nikopol the Minotaur Berserker began the quest for the Orb.
     0 | D:1      | Reached XP level 1. HP: 19/19 MP: 0/0
   110 | D:1      | Reached XP level 2. HP: 23/27 MP: 1/1
   365 | D:1      | Reached ** piety under Trog
   870 | D:2      | Reached XP level 3. HP: 34/34 MP: 2/2
  1014 | D:2      | Reached skill level 4 in Polearms
  1715 | D:3      | Reached XP level 4. HP: 39/41 MP: 3/3
  1851 | D:3      | Reached *** piety under Trog
  1900 | D:3      | Found a sparkling altar of Nemelex Xobeh.
  2420 | D:4      | Reached skill level 5 in Fighting
  2420 | D:4      | Reached XP level 5. HP: 41/48 MP: 4/4
  2938 | D:5      | Entered Level 5 of the Dungeon
  2969 | D:5      | Reached skill level 5 in Polearms
  3048 | D:5      | Found a stormy altar of Qazlal.
  3097 | D:5      | Found a shadowy altar of Dithmenos.
  3264 | D:5      | Reached XP level 6. HP: 56/56 MP: 5/5
  3529 | D:6      | Reached XP level 7. HP: 61/62 MP: 6/6
  3575 | D:6      | Found a blossoming altar of Fedhas.
  3575 | D:6      | Found a sacrificial altar of Ru.
  3575 | D:6      | Found a bloodstained altar of Trog.
  3575 | D:6      | Found an oddly glowing altar of Pakellas.
  3583 | D:6      | Reached skill level 6 in Polearms
  3583 | D:6      | Reached skill level 5 in Armour
  3583 | D:6      | Reached skill level 5 in Dodging
  3592 | D:6      | Reached **** piety under Trog
  3594 | D:6      | Found a burning altar of Makhleb.
  3594 | D:6      | Found a basalt altar of Yredelemnul.
  3749 | D:6      | Reached skill level 7 in Polearms
  3864 | D:6      | Found a snail-covered altar of Cheibriados.
  3966 | D:6      | Reached XP level 8. HP: 60/71 MP: 7/7
  4087 | D:7      | Found a staircase to the Ecumenical Temple.
  4133 | D:7      | Reached skill level 8 in Polearms
  4331 | D:7      | Slain by an orc warrior

Skill      XL: |  1  2  3  4  5  6  7  8 |
---------------+-------------------------+-----
Fighting       | 4 5 6 7 |  7.5
Polearms       | 4 5 7 8 |  8.8
Armour         | 3 4 5 6 |  6.6
Dodging        | 3 4 5 6 |  6.4

Action                   |  1- 3 |  4- 6 |  7- 9 || total
-------------------------+-------+-------+-------++-------
Melee: Spear             |   131 |   136 |    30 ||   297
       Headbutt          |    13 |    27 |    20 ||    60
       Halberd           |       |       |   113 ||   113
Invok: Berserk           |       |       |     2 ||     2
  Eat: Chunk             |     3 |     1 |    11 ||    15
       Bread ration      |       |     1 |       ||     1
       Beef jerky        |       |       |     1 ||     1
Armor: Leather armour    |     4 |       |       ||     4
       Ring mail         |    19 |    35 |    34 ||    88
Dodge: Dodged            |    55 |    45 |    92 ||   192
